 Dungeon Crawl Stone Soup version 0.30-a0-219-gf2db51d15e (webtiles) character file.

Game seed: 1489810276634746579

796 KennySheep the Caller (level 7, -6/52 HPs)
             Began as a Barachi Summoner on Oct 7, 2022.
             Was an Initiate of Ru.
             Mangled by Duvessa
             ... wielding a +0 short sword
              (14 damage)
             ... on level 5 of the Dungeon.
             The game lasted 00:13:46 (4320 turns).

KennySheep the Caller (Barachi Summoner)            Turns: 4320, Time: 00:13:47

Health: -6/52      AC:  2    Str:  9    XL:     7   Next: 89%
Magic:  1/14       EV: 13    Int: 23    God:    Ru [......]
Gold:   323        SH:  0    Dex: 13    Spells: 6/15 levels left

rFire   . . .      SeeInvis .    r - +4 short sword (speed)
rCold   . . .      Faith    .    (no shield)
rNeg    . . .      Spirit   .    a - +0 robe
rPois   .          Reflect  .    (no helmet)
rElec   .          Harm     .    (no cloak)
rCorr   .          Rampage  .    (no gloves)
Will    +....                    (no boots)
Stlth   ++........               (no amulet)
HPRegen 0.28/turn                l - ring of willpower
MPRegen 0.14/turn                q - +6 ring of intelligence

@: very slightly contaminated, slow
A: amphibious, slowness 1, strong legs 1, +LOS
a: Hop, Renounce Religion


You were on level 5 of the Dungeon.
You worshipped Ru.
Ru was noncommittal.
You visited 2 branches of the dungeon, and saw 6 of its levels.

You collected 323 gold pieces.

Inventory:

Hand Weapons
 c - a +0 short sword
 r - a +4 short sword of speed (weapon)
Armour
 a - a +0 robe (worn)
Magical Staves
 u - a staff of cold
Jewellery
 l - a ring of willpower (left hand)
 q - a +6 ring of intelligence (right hand)
Wands
 n - a wand of polymorph (12)
 v - a wand of paralysis (6)
 w - a wand of flame (10)
Scrolls
 d - a scroll of magic mapping {unknown}
 f - 4 scrolls of teleportation
 j - a scroll of blinking
 k - 2 scrolls of fear
 m - 3 scrolls of immolation
 t - 4 scrolls of identify
 y - a scroll of amnesia {unknown}
Potions
 b - 2 potions of magic
 e - a potion of invisibility {unknown}
 h - 2 potions of mutation {unknown}
 i - 2 potions of curing {unknown}
 o - 5 potions of flight {unknown}
 p - 2 potions of lignification {unknown}
 s - 2 potions of brilliance {unknown}
 x - a potion of haste {unknown}
 z - 2 potions of degeneration {unknown}


   Skills:
 + Level 3.4 Fighting
 + Level 4.0 Dodging
 + Level 3.9 Stealth
 * Level 4.8 Spellcasting
 * Level 7.3 Summonings


You had 6 spell levels left.
You knew the following spells:

 Your Spells              Type           Power      Damage    Failure   Level
a - Summon Small Mammal   Summ           100%       N/A       1%          1
b - Call Imp              Summ           39%        N/A       1%          2
c - Call Canine Familiar  Summ           39%        N/A       1%          3
d - Summon Guardian Gole  Hex/Summ       22%        N/A       6%          3

Your spell library contained the following spells:

 Spells                   Type           Power      Damage    Failure   Level
 Slow                     Hex            20%        N/A       10%         1
 Summon Lightning Spire   Summ/Air       22%        N/A       22%         4
 Confusing Touch          Hex            5%         N/A       28%         3
 Vampiric Draining        Necr           5%         2d6       28%         3


Dungeon Overview and Level Annotations

Branches:
Dungeon (5/15)             Temple (1/1) D:4

Altars:
Dithmenos
Fedhas
Gozag
Kikubaaqudgha
Makhleb
Nemelex Xobeh
Okawaru
Qazlal
Ru
Vehumet

Shops:
D:5 (

Annotations:
D:5 Duvessa


Innate Abilities, Weirdness & Mutations

You are amphibious.
You cover ground slowly.
You can hop short distances.
You have an extended range of vision and can be seen from far away.


Message History

Your hound dies!
Your hound's corpse disappears in a puff of smoke!
Casting: Call Canine Familiar (safe; 1% risk of failure)
Confirm with . or Enter, or press ? or * to list all spells.
Duvessa barely misses you. x2
You swap places.
Your wolf barely misses Duvessa.
Duvessa hits you with a +0 short sword!
Your wolf bites Duvessa.
You hit Duvessa.
Duvessa is moderately wounded.
Your wolf barely misses Duvessa.
You barely miss Duvessa.
Duvessa is moderately wounded.
Duvessa hits you with a +0 short sword.
Your wolf bites Duvessa but does no damage.
You hit Duvessa but do no damage.
Duvessa is moderately wounded.
Duvessa hits you with a +0 short sword!
* * * LOW HITPOINT WARNING * * *
Your wolf bites Duvessa.
Duvessa hits your wolf with a +0 short sword!
Casting: Call Canine Familiar (safe; 1% risk of failure)
Confirm with . or Enter, or press ? or * to list all spells.
You miscast Summon Guardian Golem.
You are very lightly contaminated with residual magic.
Nothing appears to happen.
Your wolf bites Duvessa but does no damage.
Duvessa barely misses your wolf.
Your wolf bites Duvessa.
Duvessa hits your wolf with a +0 short sword.
Your wolf bites Duvessa.
Duvessa hits your wolf with a +0 short sword!
Your wolf dies!
Your wolf's corpse disappears in a puff of smoke!
Duvessa shouts!
You can't see any enemies this would affect, really read the scroll of fear? [Y]es or [N]o only, please.
You can't see any enemies this would affect, really read the scroll of fear?
Okay, then.
As you read the scroll of butterflies, it crumbles to dust.
You hear the tinkle of a tiny bell.
Duvessa hits you with a +0 short sword!
You die...

......#...††.†.....##...##.....#.
.....##....##......##...##.....#.
.....##....##............+>....#.
...........##......##...##.....#.
...........##...b.b##...##.....#.
.....##.....#b.bb..##...##.....#.
.....########.bbb.b##)####.....#.
.....##....##.b.bbbb.....#.....#.
...........##bbb@bb##§.§.#.....#.
...........##.b.beb##.§§.#.....#.
...........b'.bbbbb##...##.....#.
............#.bb)..##...##.....#.
.....##...[##∩b....#....#......#.
.....##...^##......##...#......#.
.....##....##......##...#......#.
#######....#........#...#......#.
...........#........#...#......#.


You could see Duvessa (berserk, ally target).

Vanquished Creatures
  A water moccasin (D:5)
  Dowan (D:5)
  3 hounds
  3 iguanas
  5 adders
  An ufetubus (D:5)
  3 dart slugs
  An orc (D:5)
  4 ball pythons
  6 endoplasms
  A giant cockroach (D:3)
  8 goblins
  4 hobgoblins
  6 jackals
  4 kobolds
  A quokka (D:4)
  6 bats
  A frilled lizard (D:2)
  3 rats (D:3)
62 creatures vanquished.

Vanquished Creatures (collateral kills)
  2 ogres (D:4)
  A scorpion (D:5)
  A hound (D:5)
  2 iguanas
  2 adders
  2 worms (D:3)
  An orc (D:4)
  4 ball pythons
  2 giant cockroaches
  6 goblins
  6 hobgoblins
  3 jackals
  3 quokkas
  3 bats
  2 frilled lizards (D:1)
  5 kobolds
45 creatures vanquished.

Vanquished Creatures (others)
  A fungus (D:4)
1 creature vanquished.

Grand Total: 108 creatures vanquished

Notes
Turn   | Place    | Note
-------+----------+-------------------------------------------
     0 | D:1      | KennySheep the Barachi Summoner began the quest for the
                  | Orb.
     0 | D:1      | Reached XP level 1. HP: 13/13 MP: 3/3
   131 | D:1      | Reached XP level 2. HP: 20/20 MP: 3/5
   134 | D:1      | Learned a level 2 spell: Call Imp
   156 | D:1      | Reached skill level 5 in Summonings
   505 | D:1      | Reached XP level 3. HP: 18/25 MP: 5/7
   899 | D:2      | Learned a level 3 spell: Call Canine Familiar
   931 | D:2      | Reached skill level 1 in Fighting
  1302 | D:2      | Reached XP level 4. HP: 32/32 MP: 8/8
  1978 | D:3      | Learned a level 3 spell: Summon Guardian Golem
  2142 | D:3      | Reached XP level 5. HP: 23/37 MP: 5/9
  2680 | D:4      | Noticed an ogre
  2691 | D:4      | Killed an ogre
  2692 | D:4      | Reached skill level 6 in Summonings
  2692 | D:4      | Reached XP level 6. HP: 13/44 MP: 4/11
  3075 | D:4      | Found a staircase to the Ecumenical Temple.
  3085 | Temple   | Entered the Ecumenical Temple
  3274 | Temple   | Became a worshipper of Ru the Awakened
  3401 | D:4      | Reached XP level 7. HP: 51/51 MP: 9/13
  3688 | D:5      | Entered Level 5 of the Dungeon
  4149 | D:5      | Found Herothru's Weapon Shoppe.
  4152 | D:5      | Reached skill level 7 in Summonings
  4294 | D:5      | Noticed Duvessa
  4294 | D:5      | Noticed Dowan
  4302 | D:5      | Killed Dowan
  4320 | D:5      | Mangled by Duvessa

Illustrated notes

Levels and vault maps discovered:
D:1:      reono_arrival_mine, layout_basic
D:2:      layout_basic
D:3:      layout_basic
D:4:      layout_rooms, minmay_temple_entry_poolview,
          dreamdust_mushroom_princess, minmay_joined_circles
D:5:      layout_gridville, grunt_temple_overflow_open, serial_shops, shop,
          uniq_blork_the_orc, uniq_duvessa
Temple:   eino_temple_lava

Skill      XL: |  1  2  3  4  5  6  7 |
---------------+----------------------+-----
Summonings     | 5 6 7 |  7.3
Stealth        | 2 3 |  3.9
Fighting       | 1 2 3 |  3.4
Spellcasting   | 3 4 |  4.8
Dodging        | 3 4 |  4.0

Action                   |  1- 3 |  4- 6 |  7- 9 || total
-------------------------+-------+-------+-------++-------
Melee: Short sword       |   105 |   103 |    57 ||   265
       Unarmed           |     2 |       |       ||     2
       Punch             |     3 |     3 |       ||     6
 Cast: Summon Small Mamm |     3 |       |     1 ||     4
       Call Imp          |    16 |    18 |     3 ||    37
       Call Canine Famil |     1 |    11 |     6 ||    18
       Summon Guardian G |       |     1 |     1 ||     2
  Use: Scroll            |     5 |       |     1 ||     6
 Stab: Sleeping          |     2 |     1 |     1 ||     4
       Distracted        |       |     1 |     1 ||     2
Armor: Robe              |    24 |    12 |     1 ||    37
Dodge: Dodged            |    95 |    63 |    37 ||   195

Table legend: (Time is in decaauts)
 A = Elapsed time spent in this place.
 B = Non-inter-level travel time spent in this place.
 C = Inter-level travel time spent in this place.
 D = Time resting spent in this place.
 E = Time spent auto-exploring this place.
 F = Levels seen in this place.
 G = Mean time per level.
                   A        B        C        D        E       F      G
               +--------+--------+--------+--------+--------+-----+--------+
         Total |   4764 |   4654 |    110 |    479 |   3209 |   6 |  794.0 |
       Dungeon |   4551 |   4451 |    100 |    479 |   3045 |   5 |  910.2 |
        Temple |    213 |    204 |      9 |      0 |    164 |   1 |  213.0 |
               +--------+--------+--------+--------+--------+-----+--------+

Top non-repeatable levels by time:
     D:3: 1174 daAuts
     D:4: 993 daAuts
     D:2: 992 daAuts
     D:1: 705 daAuts
     D:5: 686 daAuts
  Temple: 213 daAuts
